 Dungeon Crawl Stone Soup version 0.17.0-26-gececa24 (console) character file.

95 gw the Skirmisher (level 4, -5/40 HPs)
             Began as a Hill Orc Fighter on Nov 20, 2015.
             Was an Initiate of Dithmenos.
             Slain by Sigmund
             ... wielding a +0 scythe
              (6 damage)
             ... on level 2 of the Dungeon.
             The game lasted 00:01:44 (1503 turns).

gw the Skirmisher (Hill Orc Fighter)                Turns: 1503, Time: 00:01:44

Health: -5/40      AC: 12    Str: 18    XL:     4   Next: 65%
Magic:  4/4        EV:  4    Int:  8    God:    Dithmenos [......]
Gold:   83         SH:  9    Dex: 11    Spells: 0 memorised, 3 levels left

rFire  . . .     SeeInvis .     a - +0 war axe
rCold  . . .     Clarity  .     m - +0 chain mail
rNeg   . . .     SustAt   .     c - +0 shield
rPois  .         Gourm    .     l - +2 helmet
rElec  .         Spirit   .     (no cloak)
rCorr  .         Warding  .     (no gloves)
rMut   .         Rnd*Tele +     (no boots)
MR     .....                    (no amulet)
Stlth  ..........               (no ring)
                                n - ring of teleportation (curse)

@: not resistant to hostile enchantments, extremely unstealthy
A: no striking features
a: Renounce Religion, Evoke Teleportation


You were on level 2 of the Dungeon.
You worshipped Dithmenos.
Dithmenos was noncommittal.
You were not hungry.

You visited 1 branch of the dungeon, and saw 2 of its levels.

You collected 83 gold pieces.

Inventory:

Hand Weapons
 a - a +0 war axe (weapon)
Missiles
 f - 55 stones (quivered)
Armour
 c - a +0 shield (worn)
 l - a +2 helmet (worn)
 m - a +0 chain mail (worn)
Jewellery
 n - a cursed ring of teleportation (left hand)
Wands
 j - a wand of enslavement (0)
Scrolls
 i - 2 scrolls of identify
 k - 2 scrolls of remove curse
Potions
 b - a potion of curing {unknown}
 g - a potion of ambrosia {unknown}
Comestibles
 e - a bread ration
 h - a meat ration
 o - a chunk of flesh


   Skills:
 + Level 4.1 Fighting
 * Level 4.0 Axes
 + Level 1.7 Throwing
 + Level 3.4 Armour
 * Level 0.5 Stealth
 + Level 3.6 Shields
 + Level 0.6 Invocations


You had 3 spell levels left.
You didn't know any spells.

Dungeon Overview and Level Annotations

Branches:
Dungeon (2/15)

Altars:
Dithmenos
Elyvilon

Annotations:
D:2 Sigmund


Message History

ATTACK MOVE TO (-1,-1)
You closely miss something.
You hear some strange, mumbled words.
A magic dart appears from out of thin air!
The magic dart hits you! Something hits you.
ATTACK MOVE TO (-1,-1) ATTACK MOVE TO (-1,-1)
You bump into the rock wall.
You feel a little less mighty now. Something hits you but does no damage.
ATTACK MOVE TO (-1,-1)
Something hits you!
ATTACK MOVE TO (-1,-1)
You miss something. Something hits you but does no damage.
ATTACK MOVE TO (-1,-1)
You miss something.
You feel less confused.
ATTACK MOVE TO (-1,-1)
You closely miss something. Something hits you.
You die...

..............# .......
........%.....####.......
..########%.....#.......
#######......#......
.................. ..
####..............#.#....
.................[.......
...#...........{#.#####..
...########.##..o..#
...## #####'##.....#
....# #............#
....# #............#
.....##............#
...........<.......#
#............#.....#
####.#######.#.....##
...... #...##...#


There were no monsters in sight!

Table legend:
 A = Turns spent in this place as a percentage of turns spent in the entire game.
 B = Non-inter-level travel turns spent in this place as a percentage of non-inter-level travel turns spent in the entire game.
 C = Inter-level travel turns spent in this place as a percentage of turns spent in this place.
 D = Turns resting spent in this place as a percentage of non-inter-level travel turns spent in this place.
 E = Turns spent auto-exploring this place as a percentage of non-inter-level travel turns spent in this place.
 F = Non-inter-level travel turns spent in this place divided by the number of levels of this place that you've seen.
                   A       B       C       D       E      F
               +-------+-------+-------+-------+-------+----------------------
         Total | 100.0 | 100.0 |   0.2 |   1.0 |   1.9 | 1374.5
       Dungeon | 100.0 | 100.0 |   0.2 |   1.0 |   1.9 | 1374.5
               +-------+-------+-------+-------+-------+----------------------

Table legend:
 A = Kills in this place as a percentage of kills in entire the game.
 B = Kills by you in this place as a percentage of kills by you in the entire game.
 C = Kills by friends in this place as a percentage of kills by friends in the entire game.
 D = Other kills in this place as a percentage of other kills in the entire game.
 E = Experience gained in this place as a percentage of experience gained in the entire game.
 F = Experience gained in this place divided by the number of levels of this place that you have seen.
                   A       B       C       D       E      F
               +-------+-------+-------+-------+-------+----------------------
         Total | 100.0 | 100.0 |  -nan |  -nan | 100.0 |  68.0
       Dungeon | 100.0 | 100.0 |  -nan |  -nan | 100.0 |  68.0
               +-------+-------+-------+-------+-------+----------------------

Vanquished Creatures
  Robin (D:2)
  4 adders (D:2)
  An ooze (D:2)
  A worm (D:2)
  2 ball pythons
  14 goblins
  7 hobgoblins
  4 kobolds (D:1)
  5 bats
  2 giant geckos (D:1)
  3 giant newts
  2 rats (D:2)
46 creatures vanquished.

Notes
Turn   | Place    | Note
--------------------------------------------------------------
     0 | D:1      | gw the Hill Orc Fighter began the quest for the Orb.
     0 | D:1      | Reached XP level 1. HP: 19/19 MP: 1/1
   237 | D:1      | Reached XP level 2. HP: 24/27 MP: 2/2
   425 | D:1      | Reached skill level 1 in Throwing
   611 | D:1      | Reached XP level 3. HP: 33/33 MP: 3/3
   763 | D:2      | Noticed Robin
   781 | D:2      | Killed Robin
   781 | D:2      | Reached skill level 4 in Fighting
   993 | D:2      | Reached XP level 4. HP: 31/40 MP: 4/4
  1163 | D:2      | Found a shadowy altar of Dithmenos.
  1191 | D:2      | Became a worshipper of Dithmenos the Shadowed
  1390 | D:2      | Found a white marble altar of Elyvilon.
  1451 | D:2      | Noticed Sigmund
  1500 | D:2      | HP: 1/40 [something (7)]
  1503 | D:2      | Slain by Sigmund

Action                   |  1- 3 |  4- 6 || total
-------------------------+-------+-------++-------
Melee: War axe           |    94 |    36 ||   130
Throw: Stone             |    74 |     9 ||    83
Evoke: Wand              |       |     4 ||     4
  Use: Scroll            |     3 |       ||     3
       Potion            |     1 |     1 ||     2
  Eat: Chunk             |       |     2 ||     2

Vault maps used:
D:1:      tarquinn_simple_flora_water_f, hangedman_abyss_or_decor_stabs,
          minivault_26
D:2:      elyvilon_altar_1, lemuel_round_altar, uniq_robin, uniq_sigmund,
          uniq_terence, uniq_iyjb
